 Dungeon Crawl Stone Soup version 0.24-a0-479-g9a978d2894 (webtiles) character file.

Game seed: 16456732263079417109

401 Murumi the Magician (level 6, -2/44 HPs)
             Began as a Mummy Necromancer on July 7, 2019.
             Was an Initiate of Yredelemnul.
             Slain by a sky beast (5 damage)
             ... on level 5 of the Dungeon on July 8, 2019.
             The game lasted 00:33:09 (5073 turns).

Murumi the Magician (Mummy Necromancer)             Turns: 5073, Time: 00:33:09

Health: -2/44      AC:  3    Str: 11    XL:     6   Next: 54%
Magic:  1/13       EV: 16    Int: 16    God:    Yredelemnul [......]
Gold:   176        SH:  0    Dex: 13    Spells: 0/15 levels left

rFire    . . .     SeeInvis .   e - +0 spear (pierce)
rCold    + . .     Gourm    .   (no shield)
rNeg     + + +     Faith    .   a - +1 robe
rPois    ∞         Spirit   .   (no helmet)
rElec    .         Reflect  .   (no cloak)
rCorr    .         Harm     .   (no gloves)
MR       .....                  (no boots)
Stlth    ++........             (no amulet)
HPRegen  0.14/turn              b - ring of protection from fire
MPRegen  0.13/turn              h - +3 ring of evasion

@: very slightly contaminated
A: no food or potions, fire vulnerability, cold resistance 1, negative energy
resistance 3, torment resistance, unbreathing
a: Renounce Religion


You were on level 5 of the Dungeon.
You worshipped Yredelemnul.
Yredelemnul was noncommittal.
You were not hungry.

You visited 2 branches of the dungeon, and saw 6 of its levels.

You collected 176 gold pieces.

Inventory:

Hand Weapons
 e - a +0 spear of piercing (weapon)
Missiles
 c - 69 stones (quivered)
 f - 14 poisoned darts
 g - 4 boomerangs
 k - 7 javelins
 n - 7 silver javelins
Armour
 a - a +1 robe (worn)
Jewellery
 b - a ring of protection from fire (left hand)
 h - a +3 ring of evasion (right hand)
Scrolls
 d - a scroll of enchant weapon
 i - 2 scrolls of remove curse
 j - 4 scrolls of teleportation
 l - 4 scrolls of identify
 m - a scroll of enchant armour


   Skills:
 - Level 2.1 Fighting
 - Level 1.0 Polearms
 - Level 1.0 Armour
 + Level 2.7 Dodging
 - Level 2.0 Stealth
 - Level 5.0 Spellcasting
 - Level 2.2 Summonings
 - Level 4.0 Necromancy
 - Level 1.2 Invocations


You couldn't memorise any spells.
You knew the following spells:

 Your Spells              Type           Power        Failure   Level  Hunger
a - Pain                  Necr           ###.         3%          1    N/A
b - Summon Guardian Gole  Hex/Summ       #.......     28%         3    N/A
c - Animate Dead          Necr           N/A          28%         4    N/A
d - Vampiric Draining     Necr           ###.......   9%          3    N/A
e - Summon Small Mammal   Summ           ##..         6%          1    N/A
f - Call Imp              Summ           ##......     9%          2    N/A
g - Animate Skeleton      Necr           N/A          3%          1    N/A

Your spell library contained the following spells:

 Spells                   Type           Power        Failure   Level  Hunger
 Call Canine Familiar     Summ           ##......     19%         3    N/A
 Summon Ice Beast         Ice/Summ       #.......     67%         4    N/A
 Summon Lightning Spire   Summ/Air       #.......     67%         4    N/A
 Regeneration             Chrm/Necr      Unusable     N/A         3    N/A

Dungeon Overview and Level Annotations

Branches:
Dungeon (5/15)             Temple (1/1) D:4

Altars:
Ashenzari
Dithmenos
Elyvilon
Fedhas
Hepliaklqana
Kikubaaqudgha
Makhleb
Okawaru
Qazlal
Ru
Sif Muna
Trog
Uskayaw
Vehumet
Wu Jian
Xom
Yredelemnul
Zin
The Shining One

Shops:
D:4 [


Innate Abilities, Weirdness & Mutations

You do not eat or drink.
Your flesh is vulnerable to fire.
You are immune to poison.
Your flesh is cold resistant. (rC+)
You are immune to negative energy. (rN+++)
You are immune to unholy pain and torment.
You can survive without breathing.


Message History

* * * LOW HITPOINT WARNING * * *
The sky beast flickers out of sight!
Deactivating autopickup; reactivate with Ctrl-A.
Your guardian golem disappears in a puff of smoke!
There is a stone staircase leading down here.
A sky beast appears from thin air!
Reactivating autopickup.
Casting: Vampiric Draining (safe; 9% risk of failure)
Confirm with . or Enter, or press ? or * to list all spells.
Aiming: Vampiric Draining (safe; 9% risk of failure)
Press: ? - help, Shift-Dir - straight line, f/p - sky beast
Aim: a sky beast (heavily wounded)
You miscast Vampiric Draining.
You are very lightly contaminated with residual magic.
Pain shoots through your body. The sky beast misses you.
The sky beast hits you.
* * * LOW HITPOINT WARNING * * *
The sky beast shocks you.
You die...
Yredelemnul claims you as an undead slave.

#..## #...# ########
#...###......##
#.............## ##
##...............
.#####............#.
.............>....##
.........#####.Y.[.#
#......### ###@..##
######## ##...#
##..## #...# ##..##
##...### ###......##
#####.........#
.............##


You could see a sky beast.

Vanquished Creatures
  A bullfrog (D:5)
  3 iguanas (D:4)
  A worker ant (D:5)
  2 adders
  A gnoll (D:4)
  A shadow imp (D:5)
  A worm (D:4)
  5 dart slugs
  3 leopard geckos
  2 orcs (D:4)
  4 giant cockroaches
  7 hobgoblins
  2 jackals (D:2)
  5 kobolds
  A quokka (D:4)
  9 bats
  6 frilled lizards (D:1)
  A quokka skeleton (D:4)
  8 rats
  A plant (D:4)
64 creatures vanquished.

Vanquished Creatures (collateral kills)
  A scorpion (D:4)
  An orc priest (D:4)
  An iguana (D:4)
  A worker ant (D:4)
  3 gnolls (D:4)
  An adder (D:4)
  An ooze (D:4)
  A worm (D:4)
  An orc (D:4)
  A giant cockroach (D:3)
  3 goblins
  A hobgoblin (D:2)
  A bat (D:3)
  4 frilled lizards
  A kobold (D:1)
  A rat (D:1)
23 creatures vanquished.

Grand Total: 87 creatures vanquished

Notes
Turn   | Place    | Note
-------+----------+-------------------------------------------
     0 | D:1      | Murumi the Mummy Necromancer began the quest for the Orb.
     0 | D:1      | Reached XP level 1. HP: 13/13 MP: 4/4
     2 | D:1      | Learned a level 1 spell: Animate Skeleton
     4 | D:1      | Noticed a formicid
     4 | D:1      | Noticed a minotaur
     6 | D:1      | Noticed a draconian
     6 | D:1      | Noticed a demonspawn
     8 | D:1      | Noticed a spriggan
     8 | D:1      | Noticed a felid
    10 | D:1      | Noticed an elf
    10 | D:1      | Noticed an octopode
    12 | D:1      | Noticed a human
    12 | D:1      | Noticed a halfling
    14 | D:1      | Noticed a troll
    16 | D:1      | Noticed a demigod
    16 | D:1      | Noticed a centaur
    18 | D:1      | Noticed a vine stalker
    18 | D:1      | Noticed a merfolk
    20 | D:1      | Noticed a ghoul
    22 | D:1      | Noticed a naga
    22 | D:1      | Noticed a tengu
    24 | D:1      | Noticed a dwarf
    24 | D:1      | Noticed a vampire
    26 | D:1      | Noticed an ogre
    26 | D:1      | Noticed a gargoyle
    76 | D:1      | Reached skill level 3 in Spellcasting
   287 | D:1      | Reached XP level 2. HP: 19/19 MP: 1/6
   822 | D:1      | Reached skill level 1 in Fighting
  1157 | D:2      | Reached XP level 3. HP: 22/26 MP: 2/7
  1249 | D:2      | Learned a level 3 spell: Vampiric Draining
  1648 | D:2      | Reached skill level 4 in Spellcasting
  2267 | D:3      | Found a glowing golden altar of the Shining One.
  2269 | D:3      | Reached skill level 1 in Polearms
  2318 | D:3      | Reached XP level 4. HP: 32/32 MP: 8/10
  2433 | D:3      | Learned a level 1 spell: Summon Small Mammal
  2905 | D:4      | Learned a level 4 spell: Animate Dead
  2908 | D:4      | Learned a level 2 spell: Call Imp
  2923 | D:4      | Reached skill level 5 in Spellcasting
  2939 | D:4      | Reached skill level 1 in Summonings
  3160 | D:4      | Found a shadowy altar of Dithmenos.
  3243 | D:4      | Reached XP level 5. HP: 37/37 MP: 6/12
  3408 | D:4      | Found a staircase to the Ecumenical Temple.
  3417 | Temple   | Entered the Ecumenical Temple
  3513 | Temple   | Became a worshipper of Yredelemnul the Dark
  3633 | D:4      | Reached skill level 1 in Armour
  3811 | D:4      | Found Satwoefi's Armour Emporium.
  3999 | D:4      | Reached skill level 1 in Invocations
  3999 | D:4      | Reached XP level 6. HP: 43/43 MP: 1/13
  4004 | D:4      | Learned a level 3 spell: Summon Guardian Golem
  4700 | D:5      | Entered Level 5 of the Dungeon
  4969 | D:4      | Found a shimmering altar of Xom.
  5022 | D:5      | Found a sacrificial altar of Ru.
  5027 | D:5      | Noticed a sky beast
  5073 | D:5      | Slain by a sky beast

Levels and vault maps discovered:
D:1:      kb_arrival_jail, layout_loops_corners, minmay_lizard_pond
D:2:      layout_basic, first_ration, hex_medium, minmay_tetromino_l2
D:3:      layout_basic, lemuel_crystal_altar
D:4:      lemuel_upstairs_altar, layout_loops_corners, minmay_temple_entry_mist,
          serial_forest, infiniplex_forest_straight_1,
          infiniplex_forest_lined_3, infiniplex_forest_clump_diagonal,
          infiniplex_forest_clump_double, infiniplex_forest_clump_cross,
          infiniplex_forest_end_double, infiniplex_forest_end_3, serial_shops,
          shop, nicolae_dithmenos_through_a_glass_darkly
D:5:      layout_layer_cave, serial_shops, kennysheep_little_box, basic_altar,
          kennysheep_generic_room_6
Temple:   regret_index_temple_generic_petals

Skill      XL: |  1  2  3  4  5  6 |
---------------+-------------------+-----
Spellcasting   | 3 4 5 |  5.0
Dodging        | 2 |  2.7
Stealth        | 2 |  2.0
Fighting       | 1 2 |  2.1
Polearms       | 1 |  1.0
Summonings     | 1 2 |  2.2
Armour         | 1 |  1.0
Invocations    | 1 |  1.2
Necromancy     | |  4.0

Action                   |  1- 3 |  4- 6 || total
-------------------------+-------+-------++-------
Melee: Unarmed           |    15 |       ||    15
       Spear             |     9 |   169 ||   178
Throw: Stone             |    21 |    15 ||    36
 Cast: Pain              |    77 |    50 ||   127
       Animate Skeleton  |    23 |     3 ||    26
       Summon Small Mamm |       |    13 ||    13
       Call Imp          |       |     9 ||     9
       Vampiric Draining |       |     5 ||     5
       Animate Dead      |       |     9 ||     9
       Summon Guardian G |       |     7 ||     7
  Use: Scroll            |     3 |     4 ||     7
Armor: Robe              |     5 |     7 ||    12
Dodge: Dodged            |    14 |    57 ||    71

Table legend:
 A = Non-vault XP
 B = Vault XP
 C = Vault XP percentage of total XP
 D = Non-vault monster count
 E = Vault monster count
 F = Vault count percentage of total count
                 A         B        C        D         E       F
            +---------+---------+-------+---------+---------+-------
      Total |     564 |       9 |   1.6 |      78 |       8 |   9.3
            +---------+---------+-------+---------+---------+-------
        D:1 |      32 |       7 |  17.9 |      20 |       7 |  25.9
        D:2 |      46 |       2 |   4.2 |      19 |       1 |   5.0
        D:3 |      25 |       0 |   0.0 |      14 |       0 |   0.0
        D:4 |     325 |       0 |   0.0 |      21 |       0 |   0.0
        D:5 |     136 |       0 |   0.0 |       4 |       0 |   0.0
            +---------+---------+-------+---------+---------+-------
